Map: Ascension to Aiur LE

Players

IIIIIIIIIIII

  • Race: Zerg Zerg
  • League: Master
  • Spawn Location: 11:00

A.I. 1 (Very Easy) - Winner!

  • Race: Zerg Zerg
  • Spawn Location: 5:00

VOD

Have the link to the VOD?

Description

Time

  • Played on: Nov. 21, 2017, 5:49 p.m.
  • Length: 6:56
Show
View Real Time Build Order
Export as new Build Order

IIIIIIIIIIII Zerg 

Build Orders: Pool First 

Get SALT Encoding   

  12  0:01  Drone  
  13  0:08  Drone  
  14  0:16  Overlord  
  14  0:22  Extractor  
  14  0:23  Drone  
  15  0:35  Drone x2  
  17  0:44  Spawning Pool  
  17  0:48  Drone  
  17  0:56  Drone  
  18  1:02  Extractor  
  17  1:06  Drone  
  18  1:16  Hatchery  
  17  1:20  Drone  
  18  1:30  Queen  
  20  1:40  Roach Warren  
  20  1:44  Drone  
  20  1:48  Drone  
  21  1:55  Overlord  
  21  2:12  Evolution Chamber, Queen  
  22  2:20  Roach  
  26  2:22  Roach  
  26  2:30  Roach  
  26  2:32  Roach  
  30  2:39  Zerg Missile Weapons Level 1  
  30  2:45  Drone  
  30  2:46  Drone  
  32  2:52  Overlord  
  32  2:56  Drone  
  33  3:00  Drone  
  33  3:05  Drone  
  35  3:09  Drone  
  36  3:16  Lair  
  36  3:21  Drone  
  36  3:22  Drone  
  36  3:25  Drone  
  39  3:28  Drone  
  39  3:32  Overlord  
  40  3:37  Drone x2  
  40  3:40  Drone  
  43  3:42  Drone  
  44  3:49  Overlord  
  44  3:52  Drone x2  
  44  3:53  Drone  
  48  3:55  Drone  
  48  4:00  Extractor, Drone  
  48  4:01  Drone  
  49  4:03  Drone  
  49  4:04  Drone  
  49  4:06  Drone  
  52  4:13  Glial Reconstitution  
  52  4:21  Overlord x2  
  52  4:28  Drone x2  
  52  4:29  Extractor, Drone x3  
  52  4:30  Extractor  
  55  4:35  Zerg Missile Weapons Level 2  
  55  4:43  Overlord  
  55  4:47  Drone x2  
  57  4:55  Hatchery  
  57  4:57  Overseer  
  57  4:59  Roach x2  
  60  5:03  Roach x2  
  64  5:08  Roach  
  64  5:13  Roach x2  
  70  5:17  Roach x2  
  74  5:26  Roach x3  
  80  5:32  Roach x2  
  84  5:37  Overlord x2  
  84  5:43  Overlord  
  84  5:55  Roach  
  84  5:56  Roach x5  
  96  6:02  Roach x2  
  96  6:03  Roach  
  102  6:06  Overlord  
  102  6:14  Queen  
  102  6:17  Drone x4  
  108  6:21  Drone x2  
  108  6:23  Drone x2  
  112  6:26  Drone  
  112  6:31  Drone x2  
  115  6:34  Overlord  
  115  6:35  Overlord  
  115  6:41  Ravager x7  
Show
View Real Time Build Order
Export as new Build Order

A.I. 1 (Very Easy) Zerg - Winner!

Build Orders: Hatch First 

Get SALT Encoding   

  12  0:00  Drone  
  13  0:12  Overlord  
  13  0:17  Drone  
  14  0:41  Hatchery  
  13  0:45  Drone  
  14  1:03  Spawning Pool  
  13  1:05  Drone  
  13  1:09  Extractor  
  13  1:12  Drone  
  14  1:20  Overlord  
  14  1:50  Queen, Zergling x2  
  14  1:52  Zergling x2  
  18  1:56  Roach Warren  
  17  2:02  Drone  
  17  2:07  Extractor  
  17  2:10  Drone  
  18  2:15  Zergling x2  
  18  2:21  Drone  
  20  2:28  Drone  
  21  2:35  Drone  
  22  2:42  Drone  
  23  2:50  Drone  
  24  2:57  Drone  
  25  3:01  Roach  
  25  3:04  Drone  
  28  3:09  Overlord  
  28  3:14  Drone  
  29  3:21  Drone  
  30  3:28  Drone, Lair  
  31  3:40  Drone  
  32  3:47  Roach, Drone  
  35  3:54  Drone  
  36  3:58  Overlord  
  36  4:01  Drone  
  37  4:09  Drone  
  38  4:16  Drone  
  39  4:23  Drone  
  40  4:25  Overseer  
  40  4:28  Overseer  
  40  4:30  Drone  
  41  4:32  Ravager  
  41  4:33  Roach  
  41  4:37  Drone  
  45  4:39  Overlord  
  45  4:44  Drone  
  46  4:52  Drone  
  47  4:57  Extractor  
  47  4:59  Drone  
  47  5:03  Extractor  
  47  5:06  Drone  
  47  5:13  Drone  
  48  5:20  Drone  
  49  5:28  Drone  
  50  5:35  Drone  
  51  5:42  Drone  
Tags
 
Add a new tag
Caveats
  • Supply blocks, unpowered buildings, or Contaminate may cause inaccurate times.
  • Supply counts are checked every 10 seconds.